 Dungeon Crawl Stone Soup version 0.14-a0-1444-g21dc12d (webtiles) character file.

2460 Jenx the Martial Artist (level 9, -5/56 HPs)
             Began as an Octopode Monk on Dec 12, 2013.
             Was a Believer of Cheibriados.
             Hit by a dart thrown by a merfolk (10 damage)
             ... on Level 8 of the Dungeon.
             The game lasted 00:31:55 (7917 turns).

Jenx the Martial Artist (Octopode Monk)             Turns: 7917, Time: 00:31:55

HP  -5/56        AC  3     Str 18      XL: 9   Next: 29%
MP  17/17        EV 15     Int 17      God: Cheibriados [**....]
Gold 335         SH  0     Dex 20      Spells:  0 memorised,  8 levels left

rFire  . . .     SeeInvis .       - Unarmed
rCold  . . .     Clarity  .     (no shield)
rNeg   . . .     Conserve .     (helmet restricted)
rPois  .         rCorr    .     (no amulet)
rElec  .         rRot     .     m - ring of protection from magic
SustAb . .       Spirit   .     A - +2 ring of protection
rMut   .         Warding  .     (no ring)
Saprov . . .     Stasis   .     (no ring)
                                (no ring)
                                (no ring)
                                (no ring)
                                (no ring)

@: very slow, quite resistant to hostile enchantments, extremely stealthy
A: almost no armour, amphibious, 8 rings, constrict 8, camouflage 1, gelatinous
body 1
a: Bend Time, Renounce Religion


You were on level 8 of the Dungeon.
You worshipped Cheibriados.
Cheibriados was pleased with you.
You were not hungry.

You visited 2 branches of the dungeon, and saw 9 of its levels.

You collected 357 gold pieces.
You spent 22 gold pieces at shops.

Inventory:

Hand weapons
 d - a +4,+0 whip of electrocution
 G - a +1,+0 spear of dragon slaying
 O - a +3,+1 mace of crushing
Missiles
 h - 4 poisoned darts
 t - a dart of flame
 L - 5 javelins (quivered)
Magical devices
 a - a wand of cold (5) {unknown}
 p - a wand of fire (3)
 H - a wand of confusion (11) {unknown}
 I - a wand of teleportation (7)
 N - a wand of teleportation (3)
Comestibles
 b - 8 bread rations
 s - a lychee
 w - 2 meat rations
 D - 14 strawberries
Scrolls
 c - 2 scrolls of fog
 e - a scroll of enchant weapon I
 i - 7 scrolls of remove curse {unknown}
 l - a scroll of enchant armour {unknown}
 n - 4 scrolls of random uselessness {unknown}
 o - 2 scrolls of curse jewellery {unknown}
 r - 4 scrolls of teleportation
 u - 3 scrolls of amnesia
 v - a scroll of recharging {unknown}
 y - a scroll of fear {unknown}
 E - a scroll of magic mapping {unknown}
 J - a scroll of noise {unknown}
Jewellery
 m - a ring of protection from magic (left tentacle)
 A - a +2 ring of protection (right tentacle)
Potions
 f - a potion of flight {unknown}
 j - a potion of berserk rage {unknown}
 k - 2 potions of magic {unknown}
 x - a potion of resistance {unknown}
 z - 2 potions of might {unknown}
 B - 2 potions of agility {unknown}
 C - a potion of restore abilities {unknown}
 F - 2 potions of brilliance {unknown}
Books
 q - a book of Necromancy

   Spells                             Type                      Level
   Pain                               Necromancy                   1
   Animate Skeleton                   Necromancy                   1
   Lethal Infusion                    Charms/Necromancy            2
   Vampiric Draining                  Necromancy                   3
   Regeneration                       Charms/Necromancy            3
   Animate Dead                       Necromancy                   4
   Control Undead                     Necromancy                   4
Magical staves
 g - an uncursed staff of air
 Q - an uncursed staff of cold


   Skills:
 - Level 3.0 Fighting
 - Level 4.4 Dodging
 + Level 7.0 Stealth
 * Level 10.1 Unarmed Combat
 - Level 5.3 Invocations


You had 8 spell levels left.
You didn't know any spells.

Dungeon Overview and Level Annotations

Branches:
Dungeon (8/16)             Temple (1/1) D:7
   Lair: D:8-11

Altars:
Ashenzari
Cheibriados
Elyvilon
Kikubaaqudgha
Makhleb
Nemelex Xobeh
Okawaru
Sif Muna
Trog
Vehumet
Xom
Yredelemnul
Zin
the Shining One

Shops:
D:4 ?**[[

Annotations:
D:4 Scroll of Aquirement - 520g


Innate Abilities, Weirdness & Mutations

You cannot wear most types of armour.
You are amphibious.
You can wear up to eight rings at the same time.
You can use your tentacles to constrict many enemies at once.
Your skin changes colour to match your surroundings (Stlth).
Your rubbery body absorbs attacks (AC +1).


Message History

Things that are here:
an orcish mace; an orcish leather armour; an orc corpse A merfolk comes into view.
It is wielding a spear.
The merfolk shouts!
The merfolk throws a tomahawk.
The tomahawk hits you!
The merfolk throws a tomahawk.
The tomahawk misses you.
You see here 2 tomahawks.
The merfolk throws a tomahawk.
The tomahawk hits you!
You see here a tomahawk.
A draconian comes into view. It is wielding an orcish mace.
The merfolk throws a tomahawk.
The tomahawk hits you!
You see here 3 tomahawks.
The merfolk throws a tomahawk.
The tomahawk hits you!
* * * LOW HITPOINT WARNING * * *
You see here a tomahawk.
You see here a tomahawk.
The merfolk hits you from afar with a spear!
* * * LOW HITPOINT WARNING * * *
The merfolk picks up 25 darts.
The merfolk throws a dart.
The dart hits you!
You die...

...........)......... ...
.......................
.....................).(......#
......................()......#
.....................(........#
......>.......................#
...................d..........#
...................m..........
..............).@.............
...............######.......#
...............# #.......#
...............# #.......#
...............# #.......#
...............# #"......#
...............# #.......#
...............# #.......#
...............# #.......#


You could see a draconian and a merfolk.

Vanquished Creatures
  Joseph (D:7)
  A two-headed ogre (D:8)
  The ghost of wojtek the Cudgeler, an average TeGl (D:5)
  A hippogriff (D:6)
  An orc warrior (D:8)
  An ogre (D:5)
  2 centaurs (D:5)
  Blork the orc (D:7)
  2 giant frogs (D:7)
  A crimson imp (D:6)
  7 hounds
  An orc priest (D:3)
  A water moccasin zombie (D:7)
  An iguana (D:6)
  An orc wizard (D:8)
  4 worker ants
  7 adders
  4 gnolls (D:5)
  4 worms
  6 giant geckos
  8 orcs
  2 ball pythons
  11 goblins
  9 hobgoblins
  10 jackals
  11 kobolds
  4 quokkas
  11 bats
  5 giant cockroaches
  3 giant newts
  A giant newt skeleton (D:4)
  A goblin skeleton (D:4)
  A goblin zombie (D:5)
  14 rats
  A rat skeleton (D:4)
  A plant (D:2)
141 creatures vanquished.

Notes
Turn   | Place    | Note
--------------------------------------------------------------
     0 | D:1      | Jenx, the Octopode Monk, began the quest for the Orb.
     0 | D:1      | Reached XP level 1. HP: 16/16 MP: 1/1
   158 | D:1      | Reached XP level 2. HP: 3/21 MP: 2/2
   790 | D:1      | Reached XP level 3. HP: 17/26 MP: 3/3
  1240 | D:2      | Found a radiant altar of Vehumet.
  1240 | D:2      | Found a shattered altar of Ashenzari.
  1269 | D:2      | Found a shimmering altar of Xom.
  1506 | D:2      | Reached skill level 5 in Unarmed Combat
  1714 | D:2      | Found a glowing golden altar of the Shining One.
  2124 | D:2      | Reached XP level 4. HP: 31/31 MP: 4/4
  3234 | D:3      | Reached XP level 5. HP: 27/36 MP: 5/5
  3602 | D:4      | Found Afuyrphul's Armour Shoppe.
  3602 | D:4      | Found Waujao's General Store.
  3671 | D:4      | Found Muiss' Antique Armour Boutique.
  3822 | D:4      | Found Pluahow's General Store.
  3923 | D:4      | Found Osan's Magic Scroll Boutique.
  3949 | D:4      | Bought a scroll of identify for 22 gold pieces
  4059 | D:4      | Found a burning altar of Makhleb.
  4062 | D:4      | Found a sparkling altar of Nemelex Xobeh.
  4225 | D:4      | Reached skill level 6 in Unarmed Combat
  4360 | D:4      | Reached XP level 6. HP: 28/42 MP: 6/6
  4492 | D:5      | Entered Level 5 of the Dungeon
  4843 | D:5      | Noticed wojtek's ghost (average TeGl)
  4871 | D:5      | Killed wojtek's ghost
  4871 | D:5      | Reached skill level 7 in Unarmed Combat
  4871 | D:5      | Reached XP level 7. HP: 26/46 MP: 7/7
  5243 | D:5      | Reached skill level 5 in Stealth
  5437 | D:5      | Reached skill level 8 in Unarmed Combat
  5940 | D:6      | Reached XP level 8. HP: 47/52 MP: 8/8
  6075 | D:6      | Noticed a hippogriff
  6091 | D:6      | HP: 2/52 [hippogriff (5)]
  6092 | D:6      | Killed a hippogriff
  6651 | D:7      | Found a staircase to the Ecumenical Temple.
  6660 | Temple   | Entered the Ecumenical Temple
  6703 | Temple   | Became a worshipper of Cheibriados the Contemplative
  7026 | D:7      | Reached skill level 1 in Invocations
  7162 | D:7      | Noticed Joseph
  7177 | D:7      | Killed Joseph
  7177 | D:7      | Reached skill level 9 in Unarmed Combat
  7287 | D:7      | Reached XP level 9. HP: 56/56 MP: 13/15
  7296 | D:7      | Noticed Blork the orc
  7304 | D:7      | Killed Blork the orc
  7515 | D:8      | Reached skill level 5 in Invocations
  7531 | D:8      | Reached skill level 10 in Unarmed Combat
  7910 | D:8      | Noticed a draconian
  7917 | D:8      | Hit by a dart thrown by a merfolk

Action                   |  1- 3 |  4- 6 |  7- 9 || total
-------------------------+-------+-------+-------++-------
Melee: Unarmed           |    95 |   131 |   138 ||   364
Throw: Dart              |     2 |     1 |    12 ||    15
       Javelin           |       |       |     5 ||     5
  Use: Scroll            |       |    10 |     2 ||    12
       Potion            |       |     3 |     3 ||     6
 Stab: Sleeping          |     5 |    10 |    16 ||    31
